Cogmind - Beta 16.1 @@@ ROGUE MODE // 2026.02.17 @ 16:49:41 Player: Skergy Result: Destroyed by X-62 Marksman with Gauss Rifle Performance ------------- Evolutions (2) 1000 Regions Visited (3) 600 Robots Destroyed (55) 275 Value Destroyed (1696) 1696 Prototype IDs (15) 300 Alien Tech Used (0) 0 Bonus (0) 0 TOTAL SCORE: 3871 Bonus ------- None Cogmind --------- Core Integrity 0/550 Matter 300/300 Energy 7/100 System Corruption 0% Temperature Cool (9) Movement Core (1450) Ox28 Location -8/Materials Parts ------- > --- POWER (1) -------- (None) > --- PROPULSION (3) --- (None) > --- UTILITY (4) ------ Huge Storage Unit Structural Scanner Shield Generator > --- WEAPON (3) ------- Maul > --- INVENTORY (25) --- Light Nuclear Core Light Treads Aluminum Leg Carbon-fiber Leg Armored Huge Wheel Armored Huge Wheel Medium Matter Pod (100) Large Matter Pod (150) Improved Signal Interpreter ECM Suite Reaction Control System Propulsion Shielding System Shield High-powered Tractor Beam Improved Grenade Launcher Improved Grenade Launcher 1B-0RG's Assimilator Peak State ------------ > --- POWER ------------ Deuterium Engine > --- PROPULSION ------- Titanium Leg Titanium Leg Arachnoskeleton > --- UTILITY ---------- Huge Storage Unit Structural Scanner Propulsion Shielding Light Armor Plating > --- WEAPON ----------- Heavy Assault Rifle Hammer Maul > --- INVENTORY -------- Light Nuclear Core Light Treads Aluminum Leg Carbon-fiber Leg Armored Huge Wheel Armored Huge Wheel Medium Matter Pod Large Matter Pod Improved Signal Interpreter ECM Suite Reaction Control System Propulsion Shielding Propulsion Shielding Shield Generator System Shield High-powered Tractor Beam Improved Grenade Launcher Improved Grenade Launcher 1B-0RG's Assimilator [Rating: 50] Favorites ----------- Power Light Ion Engine Engine Light Ion Engine Propulsion Light Treads Treads Light Treads Leg Aluminum Leg Wheel Subdweller Monowheel Utility Seismic Detector Device Seismic Detector Storage Large Storage Unit Protection Light Armor Plating Weapon Heavy EM Pulse Gun Energy Gun Heavy EM Pulse Gun Energy Cannon EM Pulse Cannon Ballistic Gun Heavy Assault Rifle Launcher Improved Grenade Launcher Impact Weapon Hammer Build | -11 -10 -10 -8 ------- Run | Yrd Mat Sub Mat Slots Evolved 4 | . . . 4 Power . | . . . . Propulsion 1 | . . . 1 Utility 2 | . . . 2 Weapon 1 | . . . 1 Parts Attached 50 | 7 7 15 21 Power 8 | 1 1 4 2 Engine 8 | 1 1 4 2 Core . | . . . . Reactor . | . . . . Propulsion 12 | 2 1 5 4 Treads 3 | 2 1 . . Leg 4 | . . 1 3 Wheel 5 | . . 4 1 Hover . | . . . . Flight . | . . . . Utility 14 | 2 1 1 10 Device 4 | 1 . 1 2 Storage 3 | 1 1 . 1 Processor . | . . . . Hackware . | . . . . Protection 7 | . . . 7 Artifact . | . . . . Weapon 16 | 2 4 5 5 Energy Gun 8 | 2 2 3 1 Energy Cannon 1 | . . . 1 Ballistic Gun 3 | . 2 . 1 Ballistic Cannon . | . . . . Launcher 2 | . . 1 1 Special Weapon . | . . . . Impact Weapon 2 | . . 1 1 Slashing Weapon . | . . . . Piercing Weapon . | . . . . Special Melee Weapon . | . . . . Unidentified Prototypes . | . . . . Parts Lost 32 | . 3 8 21 Power 4 | . 1 1 2 Propulsion 10 | . 1 4 5 Utility 8 | . . . 8 Weapon 10 | . 1 3 6 Highest Loss Streak 7 | . 1 5 7 To Critical Strikes . | . . . . Average Backups 13 | 2 10 14 13 Power 2 | . 1 2 2 Propulsion 1 | . 1 1 2 Utility 4 | . 1 3 6 Weapon 4 | 1 5 6 1 Tool/Special . | . . . . Unused Backups 23 | . 1 6 16 Power 2 | . . 1 1 Propulsion 5 | . . . 5 Utility 8 | . . 1 7 Weapon 7 | . 1 4 2 Tool/Special 1 | . . . 1 Average Slot Usage (%) 93 | . 95 99 81 Engine 11 | . 13 13 7 Treads 8 | . 24 7 . Leg 7 | . . 6 13 Wheel 8 | . . 13 6 Device 13 | . 14 14 13 Storage 12 | . 14 14 7 Protection 2 | . . . 9 Energy Gun 16 | . 23 20 6 Ballistic Gun 1 | . 4 . 2 Impact Weapon 6 | . . 6 10 Peak Build Rating 50 | 7 11 20 50 Average Rating 19 | 5 8 11 38 On Entrance 9 | . 7 11 20 Avg Prop Armor Cover (%) 10 | . . 11 6 Naked Turns . | . . . . Heaviest Build 107 | 13 30 32 107 Greatest Support 84 | 40 40 40 84 Greatest Overweight (x) 5 | . 1 1 5 Average Overweight (x) 1 | . . . 1 Largest Inventory Capacity 25 | 8 15 15 25 Average Capacity 17 | 7 13 15 24 Most Carried 25 | 5 15 15 25 Average Carried 14 | 3 10 14 19 Final Capacity 25 | 8 15 15 25 Final Carried 23 | 5 15 15 23 Class Distribution -------------------- 71% | Mutant 13% | Scientist-Mutant 7% | Scavenger-Mutant 3% | Infiltrator-Tank 3% | Infiltrator-Mutant Dominant Class ---------------- Mutant | -10/Materials Mutant | -10/Subcaves Scientist-Mutant | -8/Materials Resources | -11 -10 -10 -8 ----------- Run | Yrd Mat Sub Mat Matter Collected 1236 | 270 201 365 400 Remotely . | . . . . Salvage Created 2147 | 128 435 467 1117 Parts 108 | 11 27 25 45 Haulers Intercepted 1 | . 1 . . Recyclers Shooed 2 | . . . 2 Parts Field Recycled . | . . . . Retrieved Matter . | . . . . Parts Self-Destructed 21 | . . 21 . Prevented . | . . . . Parts Restored . | . . . . Kills | -11 -10 -10 -8 ------- Run | Yrd Mat Sub Mat Combat Hostiles Destroyed 44 | . 10 9 25 Melee 8 | . . . 8 Guns 24 | . 10 8 6 Cannons 3 | . . . 3 AOE 4 | . . . 4 Classes Destroyed 10 | 2 5 2 1 Builder 1 | . 1 . . Tunneler 3 | 3 . . . Hauler 1 | . 1 . . Recycler 3 | 1 1 . 1 Watcher 3 | . 2 . 1 Swarmer 11 | . 6 . 5 Grunt 17 | . 4 . 13 Sentry 7 | . . 1 6 Hunter 1 | . . . 1 Subdweller 8 | . . 8 . Best Kill Streak 4 | 4 4 3 3 Combat Bots Only 3 | . 3 3 3 Max Kills in Single Turn 2 | 1 2 1 2 Gunslinging 1 | . 1 . . Exploded 2 | . . . 2 Melee 1 | . . . 1 Uniques/NPCs Destroyed . | . . . . Combat | -11 -10 -10 -8 -------- Run | Yrd Mat Sub Mat Hostile Shots Fired 336 | . 73 29 234 Missed 77 | . 14 6 57 Hits 259 | . 59 23 177 Projectile 259 | . 59 23 177 Critical Strikes 4 | . 1 . 3 Damage Taken 4031 | . 564 543 2924 Core 707 | . 81 60 566 Absorbed by Shields 53 | . . . 53 Redirected to Shielding 210 | . . . 210 Core Remaining (%) 71 | 100 . 43 . Volleys Fired 115 | 6 42 28 39 Largest 3 | 2 2 2 3 Hottest 159 | 90 90 90 159 Shots Fired 215 | 12 84 55 64 Gun 203 | 12 84 55 52 Cannon 10 | . . . 10 Launcher 2 | . . . 2 Special . | . . . . Kinetic 23 | . 17 . 6 Thermal 32 | 6 26 . . Explosive 2 | . . . 2 Electromagnetic 158 | 6 41 55 56 Robot Hit Streak 35 | 2 15 35 11 Robot Miss Streak 6 | 2 5 1 6 Penetration Max . | . . . . Secondary Targets 1 | . 1 . . Max Gunslinging Chain 1 | . 1 . . Shots Hit Robots 178 | 5 49 42 82 Core Hits 76 | 4 20 15 37 Critical Kills 3 | . . . 3 Critical Parts Destroyed 3 | . . . 3 Critical Strikes 12 | . 3 1 8 Burn 2 | . 2 . . Corrupt 3 | . 1 1 1 Smash 7 | . . . 7 Melee Attacks 103 | . . 45 58 Impact 103 | . . 45 58 Slashing . | . . . . Piercing . | . . . . Sneak Attacks 1 | . . 1 . Combat Hostiles 1 | . . 1 . Follow-up Attacks 9 | . . . 9 Damage Inflicted 4003 | 127 724 575 2577 Guns 2034 | 67 677 479 811 Cannons 123 | . . . 123 Explosions 648 | 60 47 . 541 Melee 1198 | . . 96 1102 Ramming . | . . . . Kinetic 118 | . 73 . 45 Thermal 712 | 85 299 . 328 Explosive 213 | . . . 213 Electromagnetic 1762 | 42 352 479 889 Impact 1198 | . . 96 1102 Slashing . | . . . . Piercing . | . . . . Highest Corruption . | . . . . Average Corruption . | . . . . Corruption Purged . | . . . . Corruption Blocked . | . . . . Overload Shots . | . . . . Overflow Damage 337 | . 15 10 312 Projectiles . | . . . . Explosions 167 | . 15 . 152 Melee 170 | . . 10 160 Knockbacks 2 | . . . 2 Impact 2 | . . . 2 Kinetic . | . . . . Secondary . | . . . . Self-Inflicted Damage 295 | . 35 . 260 Shots 4 | . 1 . 3 Rammed . | . . . . Targets Rammed . | . . . . Kicked . | . . . . Crushed . | . . . . Highest Temperature 222 | 90 192 . 222 Average Temperature 57 | 38 51 . 68 Received Heat Transfer 1002 | . 111 42 849 Siege Activations . | . . . . Martial Activations . | . . . . Shielding Activations . | . . . . Robots Disrupted . | . . . . Combat Hostiles . | . . . . Robots Corrupted 5 | . . 1 4 Combat Hostiles 5 | . . 1 4 Parts Fried 16 | . 3 3 10 Impact Corruptions 12 | . . 1 11 Robots Melted . | . . . . Combat Hostiles . | . . . . Parts Melted 1 | . 1 . . Heat Transferred 1412 | 174 938 . 300 Parts Sabotaged . | . . . . Parts Stolen . | . . . . Parts Stripped . | . . . . Power Chain Reactions 4 | 1 1 . 2 Alert | -11 -10 -10 -8 ------- Run | Yrd Mat Sub Mat Maximum Alert Level . | . . . . Low Security (%) 100 | 100 100 . 100 Level 1 . | . . . . Level 2 . | . . . . Level 3 . | . . . . Level 4 . | . . . . Level 5 . | . . . . High Security . | . . . . Max Security . | . . . . Peak Influence 132 | 10 96 . 132 Initial . | . . . . Average 44 | 1 23 . 61 Influence Increases 1162 | 20 330 20 792 Destroy 0b10 Robot/C 720 | . 200 20 500 Destroy 0b10 Robot/NC 55 | 20 25 . 10 Destroy Leader 178 | . 46 . 132 Successful Hack 35 | . 9 . 26 Disable Machine 45 | . . . 45 Destroy Structure 69 | . 5 . 64 Lose Combat Pursuer 60 | . 45 . 15 Influence Decreases 1114 | 20 330 20 744 Time Decay 766 | 20 298 20 428 Lost Part 220 | . 22 . 198 Lost Ally 20 | . 10 . 10 Purge Threat 108 | . . . 108 Squads Dispatched 5 | . 1 . 4 Investigation 2 | . . . 2 Extermination . | . . . . Reinforcement 3 | . 1 . 2 Assault . | . . . . Garrison . | . . . . Intercept . | . . . . Searches Triggered . | . . . . Construction Impeded 1 | . . . 1 Haulers Reinforced . | . . . . Active Scanning Responses . | . . . . Cargo Convoy Interrupts . | . . . . Stealth | -11 -10 -10 -8 --------- Run | Yrd Mat Sub Mat Distress Signals 9 | . 3 . 6 Communications Jammed . | . . . . Distress Signals . | . . . . Times Spotted 91 | . 20 9 62 Peak Tracking Total 6 | . 4 2 6 Tactical Retreats 17 | . 3 . 14 ECM-based Alert Blocks 25 | . . . 25 Traps | -11 -10 -10 -8 ------- Run | Yrd Mat Sub Mat Traps Triggered 6 | . 4 1 1 Indirectly . | . . . . Trap Hack Attempts . | . . . . Triggered . | . . . . Disarmed . | . . . . Reprogrammed . | . . . . Reused . | . . . . Traps Extracted . | . . . . Installed . | . . . . Triggered . | . . . . Machines | -11 -10 -10 -8 ---------- Run | Yrd Mat Sub Mat Machines Disabled 4 | . . 1 3 Max in Single Turn 2 | . . 1 2 Machines Repaired . | . . . . Machines Dismantled . | . . . . Machines Sabotaged . | . . . . Overloaded Fab Kills . | . . . . Hacking | -11 -10 -10 -8 --------- Run | Yrd Mat Sub Mat Machines Accessed 20 | . 7 2 11 Terminals 16 | . 7 . 9 Fabricators . | . . . . Repair Stations . | . . . . Recycling Units 1 | . . . 1 Scanalyzers 1 | . . . 1 Garrison Access . | . . . . Total Hacks 67 | . 21 7 39 Successful 37 | . 7 7 23 Failed 29 | . 14 . 15 Catastrophic 3 | . . . 3 Database Lockouts 1 | . . . 1 Manual 42 | . 19 . 23 Terminals 48 | . 21 . 27 Fabricators . | . . . . Repair Stations . | . . . . Recycling Units 5 | . . . 5 Scanalyzers 7 | . . . 7 Garrison Access . | . . . . Terminal Hacks 12 | . . 7 5 Record 6 | . . 6 . Prototype ID Bank 1 | . . . 1 Terminal Index 1 | . . . 1 Unreport Threat 1 | . . . 1 Zone Layout 2 | . . . 2 Proto ID Catalog 1 | . . 1 . Fabricator Hacks . | . . . . Repair Station Hacks . | . . . . Recycling Unit Hacks 2 | . . . 2 Report Inventory 1 | . . . 1 Retrieve Components 1 | . . . 1 Scanalyzer 6 | . . . 6 Retrieve Study 6 | . . . 6 Garrison Access Hacks . | . . . . Unauthorized Hacks 17 | . 7 . 10 Terminals 14 | . 7 . 7 Track 1 | . . . 1 Assimilate 5 | . 4 . 1 Botnet 6 | . 2 . 4 Operators 2 | . 1 . 1 Fabricators . | . . . . Repair Stations . | . . . . Recycling Units 3 | . . . 3 Reject 1 | . . . 1 Recyclers 1 | . . . 1 Mask 1 | . . . 1 Scanalyzers . | . . . . Garrison Access . | . . . . Data Cores Recovered . | . . . . Used . | . . . . Hacking Detections 16 | . 6 . 10 Full Trace Events 2 | . 1 . 1 Feedback Events . | . . . . Feedback Blocked . | . . . . Robot Schematics Acquired . | . . . . Robots Built . | . . . . Authchips . | . . . . Time . | . . . . Total Robot Build Rating . | . . . . Part Schematics Acquired . | . . . . Parts Built . | . . . . Authchips . | . . . . Time . | . . . . Total Part Build Rating . | . . . . Part Studies Acquired 6 | . . . 6 Parts Repaired . | . . . . Time . | . . . . Parts Recycled . | . . . . Recycled Matter . | . . . . Retrieved Matter . | . . . . Retrieved Components 6 | . . . 6 Parts Scanalyzed . | . . . . Part Schematics Acquired . | . . . . Parts Damaged . | . . . . Bothacking | -11 -10 -10 -8 ------------ Run | Yrd Mat Sub Mat Used RIF Installer . | . . . . Robots Hacked . | . . . . Non-combat . | . . . . Combat . | . . . . Robot Hacks Applied . | . . . . Relay Couplers Released . | . . . . Fabnet Peak Effective % . | . . . . Robots Rewired . | . . . . Allies Hacked . | . . . . Hacks Repelled . | . . . . Allies | -11 -10 -10 -8 -------- Run | Yrd Mat Sub Mat Total Allies 2 | . 1 . 1 Largest Group 1 | . 1 . 1 Highest-Rated Group 10 | . 10 . 10 Highest-Rated Ally 10 | . 10 . 10 Total Orders . | . . . . Ally Attacks . | . . . . Total Damage . | . . . . Kills . | . . . . Allies Corrupted . | . . . . Allies Melted . | . . . . Intel | -11 -10 -10 -8 ------- Run | Yrd Mat Sub Mat Active Infowar (turns) 5397 | 33 1104 2593 1667 Structural 1644 | . . 487 1157 Seismic 3746 | 33 1104 2106 503 ECM 1083 | . . . 1083 Robot Analysis Total . | . . . . Derelict Logs Recovered 3 | . . 3 . Drone Launches . | . . . . Drone Recoveries . | . . . . Exploration | -11 -10 -10 -8 ------------- Run | Yrd Mat Sub Mat Turns Passed 5474 | 110 1104 2593 1667 Spaces Moved 3134 | 47 526 1892 669 Core 7 | 7 . . . Treads 585 | 40 526 19 . Legs 349 | . . . 349 Wheels 2193 | . . 1873 320 Hover . | . . . . Flight . | . . . . Fastest Speed 50 | 50 160 110 120 Average Speed 137 | 143 174 118 161 Slowest Speed 270 | 160 240 240 270 Overloaded Moves . | . . . . Propulsion Burnouts . | . . . . Robots Hopped . | . . . . Potential Cave-ins 1 | . . 1 . Cave-ins Triggered . | . . . . Exploration Rate (%) 58 | 3 77 86 67 Regions Visited 3 Branch Regions 1 Pre-discovered Areas 3 | . . 3 . Known Exits Taken . | . . . . Unknown Exits Taken 3 | 1 1 1 . Scrap Searched 2 | . . 2 . Spaces Dug 10 | . . 3 7 Terrain Destroyed 85 | . 3 3 79 Melee 10 | . . 3 7 Projectile . | . . . . AOE 75 | . 3 . 72 Terrain Rammed . | . . . . Walls Destroyed . | . . . . Machines Disabled . | . . . . Actions | -11 -10 -10 -8 --------- Run | Yrd Mat Sub Mat Total 3905 | 75 631 2105 1094 Wait 407 | 10 35 77 285 Move 3131 | 46 525 1891 669 Hop . | . . . . Pick Up 59 | 6 14 13 26 Fast Attach 16 | 6 5 2 3 Attach 31 | 1 3 10 17 Detach 2 | . . 1 1 Swap 34 | . 4 24 6 Drop 20 | . 3 14 3 Fire 115 | 6 42 28 39 Melee 90 | . . 45 45 Ram . | . . . . Kick . | . . . . Crush . | . . . . Escape Stasis . | . . . . Rewire . | . . . . Trap . | . . . . Miscellaneous . | . . . . Route ------- -11/Scrapyard -10/Materials (discovered 5 exits: [*Mat x3] / [*Min] / *Sub) -10/Subcaves (discovered 3 exits: *Mat x2 / [*Scr]) -8/Materials (discovered 2 exits: [*Fac x2]) History --------- Turn | Location | Event 44 | -11/Scrapyard | Discovered new exit (range 14) 111 | -11/Scrapyard | Entered Materials 312 | -10/Materials | Build established: Mutant 438 | -10/Materials | Discovered new exit (range 11) 605 | -10/Materials | Discovered new exit (range 8) 627 | -10/Materials | Discovered new exit (range 5) 729 | -10/Materials | Discovered new exit (range 15) 1204 | -10/Materials | Discovered new exit (range 8) 1215 | -10/Materials | Entered Subcaves 1216 | -10/Subcaves | Approached by a straggling Scientist 1219 | -10/Subcaves | Learned location of Zion (-6) 1676 | -10/Subcaves | Scientist uncovered a shortcut to Scraptown 2172 | -10/Subcaves | Met a Zionite searching for "candidates" 2261 | -10/Subcaves | Shifting Twisted Machinery released Sub. Shrapnel Launcher 2262 | -10/Subcaves | Shifting Twisted Machinery released Sub. Monowheel 2307 | -10/Subcaves | A swath of the cavern ceiling suddenly collapsed 2591 | -10/Subcaves | Lost 5 parts (1p2n2w) 2893 | -10/Subcaves | Discovered new exit (range 13) 3164 | -10/Subcaves | Core integrity fell below 50% 3238 | -10/Subcaves | Learned Materials emergency access door positions 3392 | -10/Subcaves | Visited Clippyterm 3395 | -10/Subcaves | Learned location of Deep Caves (-6) 3395 | -10/Subcaves | Learned Research machine intel 3512 | -10/Subcaves | Discovered new exit (range 5) 3617 | -10/Subcaves | Visited 4L-MR0's lab 3631 | -10/Subcaves | Found Prototype Special Melee Weapon 3638 | -10/Subcaves | Found Arachnoskeleton 3680 | -10/Subcaves | Shifting Twisted Machinery released Hvy. Riot Gun 3687 | -10/Subcaves | Shifting Twisted Machinery released Sub. Optics 3694 | -10/Subcaves | A swath of the cavern ceiling suddenly collapsed 3808 | -10/Subcaves | Entered Materials 3808 | -8/Materials | Evolved 4 slots: Propulsion x1, Utility x2, Weapon x1 4342 | -8/Materials | Lost 3 parts (2u1w) 4485 | -8/Materials | Discovered new exit (range 5) 4556 | -8/Materials | Attached Arachnoskeleton, gained temporary slots: Propulsion x3 4608 | -8/Materials | Core integrity fell below 50% 4623 | -8/Materials | Lost 7 parts (1p1n2u3w) 4695 | -8/Materials | Central database locked down 4873 | -8/Materials | Discovered new exit (range 10) 5030 | -8/Materials | Build established: Scientist-Mutant 5471 | -8/Materials | Core integrity fell below 20% 5475 | -8/Materials | Destroyed by X-62 Marksman with Gauss Rifle Last Messages --------------- 05466_ Penetrated by Slug. 05466_ Knocked back. 05467_ R-06 Scavenger collects Imp. Heat Sink. 05467_ Propulsion Shielding destroyed. 05468_ Slug penetrates X-62 Marksman. 05468_ X-62 Marksman knocked back. 05469_ Titanium Leg+ destroyed. 05469_ Temporary Propulsion slot lost. 05469_ Penetrated by Slug. 05470_ R-06 Scavenger collects Corrupted Aluminum Leg+. 05471_ Knocked back. 05472_ Penetrated by Slug. 05472_ Arachnoskeleton destroyed. 05472_ Temporary Propulsion slot lost. 05472_ Slug penetrates R-06 Scavenger. 05473_ G-47 Trooper knocked back. 05473_ R-06 Scavenger collects Titanium Leg+. 05474_ K-01 Serf collects debris. 05475_ Knocked back. Map ----- +----------------------------------------------------+ | ???????????????# # ??????????????????? | | ???????????????##+## ##############??????? | | ??????????????? ##############??????? | | ?????????????????? # ##??????? | | ??????????????????## # ##??????? | | ?????????????????? # # ##??????? | | ##### ??????????? # / ! !!! ##??????? | | #######???????????## # !!! ##??????? | | ##???????????## # !! ##??????? | | ]] ##??????????? # # ###?????? | | ] ##???????????## ###############?????? | | ##?????????#### ####### ##?????? | | !##?????????#### ####### """ ##?????? | | ?? ##?????????## # "R" !##?????? | | ####+##?????????## # " " ##?????? | | #### ##????????### # ##?????? | | !! ##????????######/### + != #####??? | | !! ##????????## ## ############??? | | !! #########?## [ ## ##[ "" T ##?? | | !! ############ ## =## """" ##?? | | ###!!!!##### # %!%# """"" ##?? | | == ##! !#### "T" # =%r%""""" ????? | | #### ## #### # x g[H==""" ##?? | | #### ## ########### r *# = ##?? | | x% kk# ##?? | | % ###########@ ## = ! ##?? | | ########### #############?? | | ################???????## #############?? | | ################??????? # ##????????????? | | ##????????????? #Yo ##????????????? | | """ ##????????????? #m ##????????????? | | """ ##????????????? # ##????????????? | | """ ##????????????? # ????????????? | | ##????????????? + ?????????????? | | """ ##????????????? # ???????????? | | """ ##????????????? ####+##???????????? | | ] """ ##????????????? ## ???????????? | | ##??????????????????r ????????????? | | ##########??????????????????] ????????????? | | ##########????????????????????????????????? | | #?????????????????????????????????????????? | | #?????????????????????????????????????????? | | #?????????????????????????????????????????? | | #?????????????????????????????????????????? | | #?????????????????????????????????????????? | | ###########???????????????????????????????? | | ###########???????????????????????????????? | | ##???????????????????????????????? | | ##???????????????????????????????? | | ##???????????????????????????????? | +----------------------------------------------------+ Best States ------------- Heat Dissipation 31 Energy Generation 16 Energy Capacity 275 Matter Stores 300 Matter Capacity 300 Sight Range 16 Terrain Scan Density 10 ECM Strength 1 Armor Coverage 150 Propulsion Shielding 33 Weapon Shielding 66 Evasion (%) 40 Recoil Reduction 2 Item Schematics ----------------- None Robot Schematics ------------------ None Fabricated ------------ Nothing Repaired ---------- Nothing Studied --------- Titanium Leg | -8/Materials | Hacked Aluminum Leg | -8/Materials | Hacked Deuterium Engine | -8/Materials | Hacked Lgt. Nuclear Core | -8/Materials | Hacked Maul | -8/Materials | Hacked Hammer | -8/Materials | Hacked Alien Tech Used ----------------- None Achievements -------------- None Challenges ------------ None Game ------ Seed BorgDeflectorStabilizer Manual? 0 Play Time 01:00:29 Cumulative 132.1 hours Start 2026.02.16 @ 18:20:32 End 2026.02.17 @ 16:49:41 Sessions 5 Manual Loads 0 Difficulty Rogue Special Mode None Game No. 142 Rogue 142 Adventurer 0 Explorer 0 Win Type - Total 4 Types 4/0/0/0/0/0/0/0/0/0 Lore% 69 Gallery% 53 Achievement% 42 Wizard Run 0 Options --------- Layout 1 ASCII 0 Keyboard 1 Movement Vi Keybinds 0 Fullscreen 2 Font 24/Terminus Map View 50x35 Zoom Use 0% Tactical HUD 1 Map Filters NONE Filters NONE Steam 1 RUN: 04976f9f-0f00-4482-8707-51b3130ec856